AoeStats
← Rafelso

Arabian Desert

508712940Analyzed
1v1 RM · 10d ago on Sep 23, 2026· 32m 9s· 2 players
Game mode
Random Map
Map size
Tiny (2 player)
Population
200
Speed
Normal
Resources
Standard
Victory
Conquest
Starting age
Dark Age
Ending age
Imperial Age
RankedLock teamsTeams togetherTeam positionsShared explorationLock speedFull tech treeHidden civsTurbo modeCheats
Victory
Defeat
🇦🇷 Persians · Argentina
1785
+14
🇫🇷 Bohemians · France
1733
-14
Rafelso
5:38 Loom
8:49 Feudal Age
9:24 Double-Bit Axe
13:02 Fletching
21:33 Castle Age
20:03 Horse Collar
21:22 Scale Barding Armor
25:00 Wheelbarrow
30:30 Pikeman
DS_Erick307
6:37 Loom
8:50 Feudal Age
9:22 Double-Bit Axe
12:43 Horse Collar
14:42 Padded Archer Armor
14:56 Fletching
18:59 Bloodlines
22:00 Wheelbarrow
21:11 Town Watch
23:11 Scale Barding Armor
25:11 Castle Age
23:39 Scale Barding Armor
24:36 Forging
24:59 Light Cavalry
26:58 Husbandry
28:55 Chain Barding Armor
28:59 Elite Skirmisher
30:55 Hand Cart
32:05 Bow Saw
Connection lost

Rejoining the realm…

Still unreachable

The connection could not be restored.

Session expired

The server has moved on; the page needs a fresh start.